 Dungeon Crawl Stone Soup version 0.27-a0-1525-g1038ab4fd7 (webtiles) character file.

Game seed: 16939383797779597422

72 HoaS the Ruffian (level 3, -3/29 HPs)
             Began as a Demigod Gladiator on July 9, 2021.
             Splashed by a jelly's acid (11 damage)
             ... on level 3 of the Dungeon on July 10, 2021.
             The game lasted 00:05:01 (2685 turns).

HoaS the Ruffian (Demigod Gladiator)                Turns: 2685, Time: 00:05:02

Health: -3/29      AC:  0    Str: 19    XL:     3   Next: 82%
Magic:  5/5        EV: 12    Int: 10    God:
Gold:   98         SH:  5    Dex: 15    Spells: 2/2 levels left

rFire    . . .     SeeInvis .     - Unarmed
rCold    . . .     Faith    .   (no shield)
rNeg     . . .     Spirit   .   a - +0 leather armour
rPois    .         Reflect  +   b - +0 helmet
rElec    .         Harm     .   (no cloak)
rCorr    .         Rampage  .   (no gloves)
Will     .....                  (no boots)
Stlth    +.........             k - amulet of reflection
HPRegen  0.09/turn              (no ring)
MPRegen  0.09/turn              (no ring)

@: corroded
A: high mp 1, forlorn
a: no special abilities


You were on level 3 of the Dungeon.
You visited 1 branch of the dungeon, and saw 3 of its levels.

You collected 98 gold pieces.

Inventory:

Missiles
 c - 3 throwing nets (quivered)
 j - 6 poisoned darts
Armour
 a - a +0 leather armour (worn)
 b - a +0 helmet (worn)
Jewellery
 h - a ring of ice
 k - an amulet of reflection (around neck)
Scrolls
 l - a scroll of amnesia {unknown}
Potions
 d - a potion of ambrosia
 e - a potion of might {unknown}
 f - 2 potions of curing {unknown}
 g - 2 potions of brilliance {unknown}
 i - a potion of degeneration {unknown}


   Skills:
 - Level 1.7 Fighting
 - Level 1.7 Throwing
 - Level 2.6 Dodging
 + Level 4.5 Unarmed Combat


You had 2 spell levels left.
You didn't know any spells.
Your spell library contained the following spells:

 Spells                   Type           Power      Damage    Failure   Level
 Beastly Appendage        Tmut           0%         N/A       41%         1
 Corona                   Hex            0%         N/A       41%         1
 Ensorcelled Hibernation  Hex/Ice        0%         N/A       56%         2
 Passwall                 Tmut/Erth      0%         N/A       56%         2
 Wereblood                Tmut           0%         N/A       56%         2
 Spider Form              Tmut/Pois      0%         N/A       80%         3
 Swiftness                Air            0%         N/A       80%         3
 Tukima's Dance           Hex            0%         N/A       80%         3
 Invisibility             Hex            0%         N/A       100%        6


Dungeon Overview and Level Annotations

Branches:
Dungeon (3/15)


Innate Abilities, Weirdness & Mutations

Your attributes grow dramatically as you level up.
You have an increased reservoir of magic. (+10% MP)
You shall have no god before yourself.


Message History

You kill the adder!
No target in view!
You pick up a book of Maledictions and begin reading...
You add the spells Corona, Ensorcelled Hibernation and Tukima's Dance to your library.
k - an amulet of reflection You start putting on your amulet.
You continue putting on your amulet of reflection. x5
You finish putting on your amulet of reflection.
You feel a shielding aura gather around you.
k - an amulet of reflection (around neck)
l - a scroll labelled DYNUTZ GYLUCIS A jelly comes into view.
No target in view!
No target in view!
The jelly hits you but does no damage.
You hit the jelly.
Your hands burn!
The jelly is lightly wounded.
The jelly misses you.
You hit the jelly. The acid corrodes you!
Your hands burn!
The jelly is lightly wounded.
The jelly barely misses you.
You barely miss the jelly.
The jelly is lightly wounded.
The jelly barely misses you.
You hit the jelly. The acid corrodes you!
Your hands burn!
The jelly is moderately wounded.
The jelly closely misses you.
You punch the jelly!
Your hands burn!
The jelly is heavily wounded.
The jelly hits you. The acid corrodes you!
You are splashed with acid.
You are no longer corroded.
The jelly barely misses you.
There is an open door here.
You hit the jelly. The acid corrodes you!
Your hands burn!
The jelly is heavily wounded.
You block the jelly's attack.
You hit the jelly.
Your hands burn!
The jelly is severely wounded.
The jelly hits you.
You are splashed with acid!
You die...

.##..#.###.#.# #.#######.####.
.....#.# #.#.# #.# #......
###.##.###.#.# #.# ######.
....##.......# #.# ##'
##########.### #.# ##.. .##
#.......# #.#### ##†.. ..##
#.#.#.#.# #.##.## ##....
...###.......######.#...####.....
...'...........J@....#.)...'.....
...###....#..######.###.####.....
..## #.......# #.## ##.# ##....
.## ######.## ##.###.## ##... ##
###.# ##.#.## ##.. # ##.#.# ##.##
##+ #.#..# #.# #. ### ##.###
####.##########. ..## #.#
#...........>...


You could see a jelly.

Vanquished Creatures
  2 adders (D:3)
  2 worms (D:2)
  A dart slug (D:2)
  3 endoplasms
  4 giant cockroaches
  2 goblins
  6 hobgoblins
  2 quokkas
  10 ball pythons
  6 bats
  A frilled lizard (D:3)
  3 kobolds
  5 rats
47 creatures vanquished.

Notes
Turn   | Place    | Note
-------+----------+-------------------------------------------
     0 | D:1      | HoaS the Demigod Gladiator began the quest for the Orb.
     0 | D:1      | Reached XP level 1. HP: 17/17 MP: 3/3
     0 | D:1      | Upgraded the game from 0.27-a0-1502-g47ed6a6988 to
                  | 0.27-a0-1525-g1038ab4fd7
   166 | D:1      | Reached skill level 3 in Unarmed Combat
   541 | D:1      | Reached XP level 2. HP: 24/24 MP: 4/4
  1293 | D:2      | Reached XP level 3. HP: 27/29 MP: 5/5
  1475 | D:2      | Reached skill level 4 in Unarmed Combat
  2685 | D:3      | Splashed by a jelly's acid

Illustrated notes

Levels and vault maps discovered:
D:1:      lightli_molten_gateway, layout_loops_ring,
          shapermc_ecumenical_altar_venn
D:2:      cheibrodos_helix_gallery, layout_rooms, basic_altar
D:3:      layout_loops_corners

Skill      XL: |  1  2  3 |
---------------+----------+-----
Unarmed Combat | 3 4 |  4.5
Fighting       | |  1.7
Throwing       | |  1.7
Dodging        | |  2.6

Action                   || total
-------------------------++-------
Melee: Unarmed           ||   202
       Punch             ||     1
Throw: Throwing net      ||     2
  Use: Scroll            ||     4
 Stab: Sleeping          ||     1
Armor: Leather armour    ||    52
Dodge: Dodged            ||   132
Block: Other             ||     1

Table legend: (Time is in decaauts)
 A = Elapsed time spent in this place.
 B = Non-inter-level travel time spent in this place.
 C = Inter-level travel time spent in this place.
 D = Time resting spent in this place.
 E = Time spent auto-exploring this place.
 F = Levels seen in this place.
 G = Mean time per level.
                   A        B        C        D        E       F      G
               +--------+--------+--------+--------+--------+-----+--------+
         Total |   2669 |   2599 |     70 |    923 |   1232 |   3 |  889.7 |
       Dungeon |   2669 |   2599 |     70 |    923 |   1232 |   3 |  889.7 |
               +--------+--------+--------+--------+--------+-----+--------+

Top non-repeatable levels by time:
     D:2: 1151 daAuts
     D:1: 903 daAuts
     D:3: 614 daAuts
